 Dungeon Crawl Stone Soup version 0.23-a0-622-g59b4ea9 (console) character file.

821 bli the Shield-Bearer (level 8, -4/61 HPs)
             Began as a Formicid Fighter on Dec 23, 2018.
             Was a Follower of Dithmenos.
             Killed from afar by an orc wizard (7 damage)
             ... with a puff of frost
             ... on level 4 of the Dungeon.
             The game lasted 00:16:53 (3413 turns).

bli the Shield-Bearer (Formicid Fighter)            Turns: 3413, Time: 00:16:53

Health: -4/61      AC:  8    Str: 22    XL:     8   Next: 16%
Magic:  0/8        EV:  9    Int:  7    God:    Dithmenos [*.....]
Gold:   199        SH: 10    Dex: 12    Spells: 7/7 levels left

rFire    . . .     SeeInvis +   a - +0 quarterstaff
rCold    . . .     Gourm    .   c - +0 shield
rNeg     . . .     Faith    .   o - +0 scale mail
rPois    .         Spirit   +   (helmet unavailable)
rElec    .         Reflect  .   g - scarf {Spirit}
rCorr    .         Harm     .   q - +0 pair of gloves
MR       .....                  (no boots)
Stlth    ..........             j - amulet of regeneration
HPRegen  0.60/turn              (no ring)
MPRegen  0.11/turn              (no ring)

@: wreathed by umbra
A: permanent stasis, dig shafts and tunnels, four strong arms, antennae 3
a: Dig, Shaft Self, Renounce Religion


You were on level 4 of the Dungeon.
You worshipped Dithmenos.
Dithmenos was aware of your devotion.
You were not hungry.

You visited 1 branch of the dungeon, and saw 5 of its levels.

You collected 199 gold pieces.

Inventory:

Hand Weapons
 a - a +0 quarterstaff (weapon)
 b - a +0 hunting sling
 l - a +0 spear
 p - a +1 dagger of venom
 u - a +0 club
 B - a +0 morningstar
 D - a +0 flail
 E - a +0 trident
 F - a +0 mace
 H - a +4 scythe of protection
Missiles
 i - 7 sling bullets
 n - 172 stones (quivered)
 v - 8 tomahawks
Armour
 c - a +0 shield (worn)
 g - a scarf of spirit shield (worn)
 o - a +0 scale mail (worn)
 q - a +0 pair of gloves (worn)
 I - a +2 robe of positive energy
Jewellery
 j - an amulet of regeneration (around neck)
Scrolls
 k - 7 scrolls of identify {unknown}
 m - 2 scrolls of amnesia {unknown}
 r - a scroll of enchant armour {unknown}
 w - 2 scrolls of blinking {unknown}
 x - a scroll of immolation {unknown}
 y - 2 scrolls of remove curse {unknown}
 C - a scroll of noise {unknown}
Potions
 d - 2 potions of might
 e - a potion of heal wounds {unknown}
 h - 4 potions of curing
 s - a potion of mutation {unknown}
 t - a potion of haste {unknown}
 z - a potion of resistance {unknown}
 A - a potion of agility {unknown}
 G - a potion of brilliance {unknown}
Comestibles
 f - 7 rations


   Skills:
 * Level 4.8 Fighting
 + Level 5.6 Staves
 + Level 2.1 Slings
 * Level 5.2 Armour
 + Level 1.1 Dodging
 + Level 0.1 Stealth
 + Level 5.6 Shields


You had 7 spell levels left.
You didn't know any spells.
Your spell library was empty.

Dungeon Overview and Level Annotations

Branches:
Dungeon (5/15)             Temple (0/1) D:4

Altars:
Dithmenos
Makhleb
Sif Muna
Wu Jian


Innate Abilities, Weirdness & Mutations

You cannot be hasted, slowed, berserked, paralysed or teleported.
You can dig through walls and to a lower floor.
Your four strong arms can wield two-handed weapons with a shield.
You have a pair of large antennae on your head. (SInv)


Message History

The puff of flame hits you!
* * * LOW HITPOINT WARNING * * *
You barely miss the orc wizard.
The orc wizard is almost dead.
The orc wizard hits you with a +0 dagger.
* * * LOW HITPOINT WARNING * * *
The orc wizard gestures at you while chanting.
The magic dart hits you!
* * * LOW HITPOINT WARNING * * *
You barely miss the orc wizard.
The orc wizard is almost dead.
You block the orc wizard's attack.
The orc wizard casts a spell.
The orc wizard flickers and vanishes for a moment.
You barely miss the orc wizard.
The orc wizard is almost dead.
You block the orc wizard's attack. The orc wizard casts a spell at you.
The puff of frost hits you!
You die...

##8## #.##..........##......##
8...8######..................#
.....#### ####...............#
....._#.# #.............##.###
.....##.#####..............#....
8...8##..<.##........>..........
##8 #.........................
########..##..............#......
.....#...######...........##....<
(.........## #.......#...###....
...........#####@...###..## #....
.................o..##...#####..#
...#..P.P...........#.......##..#
.....##.###......................
#...P#...#P..........#...........
.......>...........#####.........
..##P#...#P.#......##............
#.##.##.##..###....##............
..#...P.P.### #..............##..
..##....#...# ##.............###.
#..##..##..####..............####


You could see an orc wizard (invisible).

Vanquished Creatures
  Sigmund (D:5)
  A sky beast (D:5)
  A scorpion (D:5)
  A bullfrog zombie (D:5)
  3 hounds
  A bullfrog skeleton (D:5)
  3 orc priests
  Jessica (D:3)
  Natasha (thrice) (D:2)
  A hound skeleton (D:4)
  6 adders
  2 adder skeletons
  4 worms
  2 dart slugs (D:1)
  3 leopard geckos
  15 orcs
  A ball python (D:1)
  A giant cockroach (D:1)
  6 goblins
  6 hobgoblins
  9 jackals
  8 kobolds
  A quokka (D:2)
  8 bats
  5 frilled lizards
  6 rats
99 creatures vanquished.

Notes
Turn   | Place    | Note
-------+----------+-------------------------------------------
     0 | D:1      | bli the Formicid Fighter began the quest for the Orb.
     0 | D:1      | Reached XP level 1. HP: 18/18 MP: 1/1
    81 | D:1      | Reached XP level 2. HP: 24/24 MP: 2/2
   101 | D:1      | You fall through a shaft!
   285 | D:1      | Reached XP level 3. HP: 29/29 MP: 3/3
   863 | D:2      | Noticed Natasha
   873 | D:2      | Killed Natasha
   873 | D:2      | Reached XP level 4. HP: 31/35 MP: 2/4
   904 | D:2      | Noticed Natasha
   910 | D:2      | Killed Natasha
   937 | D:2      | Reached XP level 5. HP: 35/41 MP: 5/5
  1025 | D:2      | Noticed Natasha
  1035 | D:2      | Killed Natasha
  1035 | D:2      | Reached skill level 5 in Shields
  1616 | D:3      | Found a shadowy altar of Dithmenos.
  1625 | D:3      | Became a worshipper of Dithmenos the Shadowed
  1834 | D:3      | You fall through a shaft!
  1834 | D:4      | Found a staircase to the Ecumenical Temple.
  1905 | D:4      | Reached XP level 6. HP: 41/47 MP: 4/6
  1915 | D:4      | Found an ornate altar of the Wu Jian Council.
  1924 | D:3      | Noticed Jessica
  1930 | D:3      | Killed Jessica
  2460 | D:4      | Reached * piety under Dithmenos
  2460 | D:4      | Reached XP level 7. HP: 53/53 MP: 7/7
  2549 | D:4      | Reached skill level 5 in Staves
  2604 | D:4      | Reached skill level 1 in Slings
  2650 | D:4      | Found a burning altar of Makhleb.
  2792 | D:5      | Entered Level 5 of the Dungeon
  2956 | D:5      | Reached skill level 1 in Dodging
  3080 | D:5      | Found a deep blue altar of Sif Muna.
  3095 | D:5      | Noticed Sigmund
  3259 | D:5      | Reached skill level 5 in Armour
  3350 | D:5      | Killed Sigmund
  3350 | D:5      | Reached XP level 8. HP: 56/61 MP: 6/8
  3411 | D:4      | HP: 2/61 [orc wizard/+0 dagger (3)]
  3413 | D:4      | Killed from afar by an orc wizard

Vault maps used:
D:1:      minmay_arrival_hallway
D:2:      st_stairs_1, uniq_natasha
D:3:      nicolae_dithmenos_shadow_blocks, minmay_cupped, uniq_jessica
D:4:      nicolae_overflow_hidden_temple, makhleb_heckhound_becter,
          minmay_temple_entry_gardened_gates, chequers_serial_rivers_micro_c
D:5:      nicolae_overflow_crystal_walls, first_ration, serial_bayou,
          serial_bayou_pond_b, serial_bayou_crossing, serial_bayou_pond_b,
          serial_bayou_ford_a, nrook_loot_triangle, uniq_sigmund

Skill      XL: |  1  2  3  4  5  6  7 |
---------------+----------------------+-----
Shields        | 4 5 |  5.6
Staves         | 3 4 5 |  5.6
Armour         | 4 5 |  5.2
Slings         | 2 |  2.1
Fighting       | 4 |  4.8
Dodging        | 1 |  1.1
Stealth        | |  0.1

Action                   |  1- 3 |  4- 6 |  7- 9 || total
-------------------------+-------+-------+-------++-------
Melee: Quarterstaff      |    92 |   182 |   136 ||   410
 Fire: Hunting sling     |       |    13 |    36 ||    49
Throw: Stone             |       |    10 |    10 ||    20
 Abil: Shaft Self        |       |     1 |       ||     1
  Use: Potion            |       |       |     2 ||     2
  Eat: Chunk             |       |     6 |     3 ||     9
Armor: Scale mail        |    32 |    73 |    34 ||   139
Dodge: Dodged            |    22 |    61 |    31 ||   114
Block: Shield            |    39 |    89 |    55 ||   183

Table legend:
 A = Non-vault XP
 B = Vault XP
 C = Vault XP percentage of total XP
 D = Non-vault monster count
 E = Vault monster count
 F = Vault count percentage of total count
                 A         B        C        D         E       F
            +---------+---------+-------+---------+---------+-------
      Total |     769 |     404 |  34.4 |      88 |      11 |  11.1
            +---------+---------+-------+---------+---------+-------
        D:1 |      46 |       0 |   0.0 |      25 |       0 |   0.0
        D:2 |     129 |      42 |  24.6 |      25 |       3 |  10.7
        D:3 |     161 |      52 |  24.4 |      14 |       4 |  22.2
        D:4 |     148 |      43 |  22.5 |      13 |       1 |   7.1
        D:5 |     285 |     267 |  48.4 |      11 |       3 |  21.4
            +---------+---------+-------+---------+---------+-------
